 Dungeon Sprint DCSS version 0.18-a0-1426-g3b9a63c (webtiles) character file.

72 chei the Tainter (level 4, -1/37 HPs)
             Began as a Naga Venom Mage on Feb 27, 2016.
             Slain by an adder skeleton (3 damage)
             ... in the Dungeon (Sprint IX: "|||||||||||||||||||||||||||||").
             The game lasted 00:00:48 (193 turns).

chei the Tainter (Naga Venom Mage)                   Turns: 193, Time: 00:00:48

Health: -1/37      AC:  2    Str: 10    XL:     4   Next: 25%
Magic:  5/8        EV: 10    Int: 17    God:
Gold:   0          SH:  0    Dex: 11    Spells: 1 memorised, 7 levels left

rFire  . . .     SeeInvis +     (no weapon)
rCold  . . .     Gourm    .     a - +0 robe
rNeg   . . .     Faith    .     (no shield)
rPois  +         Spirit   .     (no helmet)
rElec  .         Dismiss  .     (no cloak)
rCorr  .         Reflect  .     (no gloves)
SustAt .         Harm     .     (no barding)
MR     .....     NoTele   +     (no amulet)
Stlth  +++.......               (no ring)
                                (no ring)

@: exhausted, very slightly contaminated, hasted and slowed, very slow, not
resistant to hostile enchantments, fairly stealthy
A: see invisible, deformed body, poison resistance, slowness 2, slow metabolism
1, spit poison 2, AC +1
a: Spit Poison


You were in the Dungeon.
You were not hungry.

You visited 1 branch

Inventory:

Armour
 a - a +0 robe (worn)
Scrolls
 i - a scroll of blinking
Potions
 d - a potion of curing
 g - 2 potions of magic
Books
 b - a Young Poisoner's Handbook

   Spells                             Type                      Level
   a - Sting                          Conjuration/Poison           1
   b - Cure Poison                    Poison                       2
   c - Mephitic Cloud                 Conjuration/Poison/Air       3
   d - Olgreb's Toxic Radiance        Poison                       4
   e - Venom Bolt                     Conjuration/Poison           5
Comestibles
 c - a bread ration


   Skills:
 + Level 0.6 Fighting
 + Level 2.4 Dodging
 - Level 3.7 Stealth
 + Level 0.6 Unarmed Combat
 + Level 2.8 Spellcasting
 + Level 0.4 Conjurations
 * Level 10.4 Poison Magic


You had 7 spell levels left.
You knew the following spells:

 Your Spells              Type           Power        Failure   Level  Hunger
a - Sting                 Conj/Pois      ###.         1%          1    #......


Dungeon Overview and Level Annotations

Branches:
Dungeon (1/1)

Altars:


Innate Abilities, Weirdness & Mutations

You cannot wear boots.
Your serpentine skin is tough (AC +1).
You have supernaturally acute eyesight.
Armour fits poorly on your strangely shaped body.
Your system is resistant to poisons.
You cover ground very slowly.
You have a slow metabolism.
You can spit poison.


Message History

The crimson imp is heavily wounded.
The adder skeleton bites you.
* * * LOW HITPOINT WARNING * * *
You hit the crimson imp.
The crimson imp is almost dead.
The crimson imp closely misses you. The adder skeleton misses you.
Unknown command.
Unknown command.
You closely miss the crimson imp.
The crimson imp is severely wounded.
The crimson imp hits you but does no damage.
You punch the crimson imp!
You kill the crimson imp!
Your Poison Magic skill increases to level 10!
You have reached level 4!
You feel clever.
You are no longer berserk.
You are exhausted.
You feel yourself slow down. The adder skeleton bites you.
You die...

▓+▓
▓.▓
▓.▓
▓.▓
▓.▓
▓h▓
▓Z▓
▓@▓
▓.▓
▓.▓
▓.▓
▓)▓
▓'▓
▓†▓
▓.▓
▓)▓


You could see a jackal and an adder skeleton.

Vanquished Creatures
  A crimson imp (D)
  A jelly (D)
  A worm (D)
  A bat (D)
  2 hobgoblins (D)
  A giant newt (D)
  A rat (D)
8 creatures vanquished.

Notes
Turn   | Place    | Note
--------------------------------------------------------------
     0 | D        | chei the Naga Venom Mage began the quest for the Orb.
     0 | D        | Reached XP level 1. HP: 15/15 MP: 3/3
    15 | D        | Reached skill level 6 in Poison Magic
   175 | D        | Noticed a jelly
   175 | D        | Noticed a crimson imp
   185 | D        | Reached XP level 2. HP: 18/22 MP: 3/5
   187 | D        | Reached skill level 9 in Poison Magic
   187 | D        | Reached XP level 3. HP: 7/28 MP: 4/7
   193 | D        | Reached skill level 10 in Poison Magic
   193 | D        | Reached XP level 4. HP: 3/37 MP: 4/8
   193 | D        | Slain by an adder skeleton

Vault maps used:
D:        linesprint

Skill      XL: |  1  2  3 |
---------------+----------+-----
Poison Magic   | 6 9 10 | 10.4
Dodging        | 2 |  2.4
Fighting       | |  0.6
Stealth        | |  3.7
Unarmed Combat | |  0.6
Spellcasting   | |  2.8
Conjurations   | |  0.4

Action                   |  1- 3 |  4- 6 || total
-------------------------+-------+-------++-------
Melee: Unarmed           |    18 |       ||    18
 Cast: Sting             |     5 |       ||     5
 Abil: Spit Poison       |     4 |       ||     4
  Use: Potion            |     3 |       ||     3
